 Dungeon Crawl Stone Soup version 0.21-a0-71-g5e5ddd2 (console) character file.

3668 Duffy the Cruncher (level 9, 0/69 HPs)
             Began as a Mummy Gladiator on June 19, 2017.
             Was a Priest of Trog.
             Slain by a two-headed ogre
             ... wielding a +0 dire flail
              (4 damage)
             ... on level 8 of the Dungeon.
             The game lasted 00:13:00 (8051 turns).

Duffy the Cruncher (Mummy Gladiator)                Turns: 8051, Time: 00:13:00

Health: 0/69       AC: 13    Str: 18    XL:     9   Next: 89%
Magic:  9/9        EV:  8    Int:  7    God:    Trog [***...]
Gold:   296        SH:  0    Dex: 16    Spells: 8/8 levels left

rFire    x . .     SeeInvis .   a - +0 quarterstaff
rCold    + . .     Gourm    .   (shield currently unavailable)
rNeg     + + +     Faith    .   f - +0 chain mail
rPois    ∞         Spirit   .   c - +0 helmet
rElec    .         Reflect  .   j - +0 cloak
rCorr    +         Harm     .   t - +0 pair of gloves
MR       +....                  (no boots)
Stlth    ..........             q - amulet of rage
HPRegen  0.21/turn              e - ring of resist corrosion (curse)
MPRegen  0.11/turn              m - ring of stealth

@: glowing
A: no food or potions, fire vulnerability, cold resistance 1, negative energy
resistance 3, torment resistance, unbreathing
a: Trog's Hand, Burn Spellbooks, Renounce Religion


You were on level 8 of the Dungeon.
You worshipped Trog.
Trog was most pleased with you.
You were not hungry.

You visited 1 branch of the dungeon, and saw 9 of its levels.

You collected 380 gold pieces.
You spent 84 gold pieces at shops.

Inventory:

Hand Weapons
 a - a +0 quarterstaff (weapon)
 s - a +0 blowgun
Missiles
 d - a throwing net (quivered)
Armour
 c - a +0 helmet (worn)
 f - a +0 chain mail (worn)
 j - a +0 cloak (worn)
 t - a +0 pair of gloves (worn)
Jewellery
 e - a cursed ring of resist corrosion (left hand)
 i - an uncursed ring of magical power
 m - a ring of stealth (right hand)
 q - an amulet of rage (around neck)
Scrolls
 b - 3 scrolls of blinking
 h - 5 scrolls of enchant armour
 k - 5 scrolls of remove curse
 l - 4 scrolls of magic mapping
 n - 2 scrolls of teleportation
 o - 2 scrolls of enchant weapon
 p - a scroll of fear
 r - a scroll of immolation


   Skills:
 - Level 6.1 Fighting
 + Level 10.2 Staves
 - Level 1.5 Throwing
 - Level 4.2 Armour
 - Level 2.4 Dodging


You had 8 spell levels left.
You didn't know any spells.

Dungeon Overview and Level Annotations

Branches:
Dungeon (9/15)             Temple (0/1) D:7
   Lair: D:8-11         Orc: D:9-12

Altars:
Ashenzari
Cheibriados
Qazlal
Ru
Sif Muna
Trog
Zin

Shops:
D:5 ?}}

Annotations:
D:8 Prince Ribbit


Innate Abilities, Weirdness & Mutations

You do not eat or drink.
Your flesh is vulnerable to fire.
You are immune to poison.
Your flesh is cold resistant. (rC+)
You are immune to negative energy. (rN+++)
You are immune to unholy pain and torment.
You can survive without breathing.


Message History

You are too injured to fight recklessly!
You are too injured to fight recklessly!
You are too injured to fight recklessly!
You are too injured to fight recklessly!
You are too injured to fight recklessly!
You are too injured to fight recklessly!
You are too injured to fight recklessly!
You are too injured to fight recklessly!
You are too injured to fight recklessly!
You are too injured to fight recklessly!
You are too injured to fight recklessly!
The warg howls!
The gnoll closely misses you. The gnoll shaman barely misses you.
The gnoll completely misses you. The gnoll hits you but does no damage.
The gnoll hits you from afar with a halberd.
You climb upwards.
Level annotation: Prince Ribbit The two-headed ogre hits you with a dire flail!
The two-headed ogre hits you with a giant club.
You die...

.. #..# .##
##.# ## #.#
#.# #.# #[#
#.#
############g#
#........g@Og#
#.############
#.# #.# #O#
#O:...#
...##.### ...
..#


You could see a two-headed ogre, a gnoll shaman and 2 gnolls.

Vanquished Creatures
  A two-headed ogre (D:8)
  Pikel (D:7)
  A spriggan (D:7)
  A wyvern (D:8)
  A basilisk (D:8)
  Menkaure (D:4)
  2 black bears (D:6)
  2 sky beasts
  2 phantoms
  An ogre (D:6)
  3 centaurs
  A big kobold (D:8)
  3 bullfrogs
  3 scorpions
  2 crimson imps
  A hound (D:4)
  Crazy Yiuf (D:2)
  A centaur zombie (D:8)
  Jessica (D:2)
  An iguana (D:5)
  4 orc wizards
  6 worker ants
  A killer bee zombie (D:5)
  2 hound zombies
  A hound skeleton (D:4)
  7 adders
  4 gnolls
  2 worms
  An adder skeleton (D:4)
  5 dart slugs
  9 leopard geckos
  10 orcs
  6 bats
  4 giant cockroaches
  5 goblins
  2 hobgoblins
  14 jackals
  2 quokkas
  A ball python (D:3)
  8 frilled lizards
  13 kobolds
  A quokka skeleton (D:7)
  7 rats
  A plant (D:2)
146 creatures vanquished.

Vanquished Creatures (others)
  A slave (D:7)
1 creature vanquished.

Grand Total: 147 creatures vanquished

Notes
Turn   | Place    | Note
-------+----------+-------------------------------------------
     0 | D:1      | Duffy the Mummy Gladiator began the quest for the Orb.
     0 | D:1      | Reached XP level 1. HP: 16/16 MP: 1/1
   264 | D:1      | Reached XP level 2. HP: 21/22 MP: 2/2
   346 | D:1      | Reached skill level 3 in Staves
   762 | D:2      | Found a snail-covered altar of Cheibriados.
   770 | D:2      | Found a stormy altar of Qazlal.
   771 | D:2      | Found a bloodstained altar of Trog.
   775 | D:2      | Found a shattered altar of Ashenzari.
   788 | D:2      | Became a worshipper of Trog the Wrathful
   919 | D:2      | Found a bloodstained altar of Trog.
   932 | D:2      | Reached XP level 3. HP: 25/27 MP: 3/3
  1070 | D:2      | Found a runed door.
  1162 | D:2      | Noticed Crazy Yiuf
  1167 | D:2      | Killed Crazy Yiuf
  1167 | D:2      | Reached skill level 4 in Staves
  1167 | D:2      | Reached XP level 4. HP: 14/33 MP: 4/4
  1798 | D:2      | Noticed Jessica
  1805 | D:2      | Killed Jessica
  1805 | D:2      | Reached * piety under Trog
  1833 | D:2      | Found a sacrificial altar of Ru.
  1927 | D:3      | Reached XP level 5. HP: 29/38 MP: 5/5
  2434 | D:3      | Reached skill level 5 in Staves
  3365 | D:4      | Reached XP level 6. HP: 42/44 MP: 6/6
  3384 | D:4      | Noticed Menkaure
  3408 | D:4      | Killed Menkaure
  3408 | D:4      | Reached skill level 6 in Staves
  3716 | D:4      | Reached skill level 1 in Armour
  3961 | D:5      | Entered Level 5 of the Dungeon
  4045 | D:5      | Reached ** piety under Trog
  4071 | D:5      | Reached XP level 7. HP: 47/50 MP: 7/7
  4182 | D:5      | Found Mowajec's Gadget Emporium.
  4236 | D:5      | Found a glowing silver altar of Zin.
  4271 | D:5      | Found Ihulyo's Gadget Boutique.
  4343 | D:5      | Reached skill level 7 in Staves
  4369 | D:5      | Found Qitoef's Magic Scroll Boutique.
  4386 | D:5      | Bought a scroll of identify for 28 gold pieces
  4386 | D:5      | Bought a scroll of identify for 28 gold pieces
  4386 | D:5      | Bought a scroll of identify for 28 gold pieces
  5117 | D:6      | Reached XP level 8. HP: 41/56 MP: 8/8
  5259 | D:6      | Reached skill level 8 in Staves
  5751 | D:7      | Reached *** piety under Trog
  5999 | D:7      | Noticed Pikel
  6045 | D:7      | Killed Pikel
  6045 | D:7      | Reached XP level 9. HP: 45/69 MP: 9/9
  6180 | D:7      | Found a staircase to the Ecumenical Temple.
  6737 | D:8      | Found a shattered altar of Ashenzari.
  6860 | D:8      | Noticed Prince Ribbit
  7440 | D:8      | Reached skill level 9 in Staves
  7612 | D:8      | Found a deep blue altar of Sif Muna.
  7690 | D:8      | Noticed a two-headed ogre
  7714 | D:8      | Killed a two-headed ogre
  7714 | D:8      | Reached skill level 10 in Staves
  8021 | D:8      | Noticed a two-headed ogre
  8051 | D:8      | Slain by a two-headed ogre

Vault maps used:
D:1:      saegor_arrival_simple_b, hangedman_glass_teeth, minivault_23,
          minivault_11, hangedman_decor_lopped
D:2:      minitemple, nicolae_ru_the_path_less_chosen, trog_butcher_becter,
          uniq_crazy_yiuf_cottage, uniq_jessica
D:3:      first_bread
D:4:      uniq_menkaure
D:5:      zin_academy, serial_shops, shop, nicolae_shop_waterfront,
          kennysheep_little_box
D:6:      minmay_checkerbox
D:7:      minmay_temple_entry_statues_pillars, the_bakery, uniq_pikel
D:8:      basic_altar, nicolae_ashenzari_panopticon, uniq_prince_ribbit1
D:9:      gammafunk_temple_overflow_forgotten, elyvilon_altar_3, erik_orc_4,
          evilmike_butchery

Skill      XL: |  1  2  3  4  5  6  7  8  9 |
---------------+----------------------------+-----
Staves         | 3 4 5 6 7 8 10 | 10.2
Armour         | 2 4 |  4.2
Fighting       | 6 |  6.1
Throwing       | |  1.5
Dodging        | |  2.4

Action                   |  1- 3 |  4- 6 |  7- 9 || total
-------------------------+-------+-------+-------++-------
Melee: Quarterstaff      |    99 |   273 |   386 ||   758
Throw: Throwing net      |       |       |     4 ||     4
Invok: Burn Spellbooks   |       |     1 |       ||     1
  Use: Scroll            |     2 |     3 |     5 ||    10
 Stab: Held in net/web   |       |       |     2 ||     2
Armor: Leather armour    |     5 |       |       ||     5
       Ring mail         |     2 |       |       ||     2
       Chain mail        |    63 |   122 |   200 ||   385
Dodge: Dodged            |    50 |    87 |   137 ||   274
